 Dungeon Crawl Stone Soup version 0.18.1-50-g88ac8fd (webtiles) character file.

41 ololoev the Magician (level 3, 5/19 HPs)
             Began as a Deep Elf Earth Elementalist on Dec 2, 2016.
             Quit the game on level 4 of the Dungeon.
             The game lasted 00:02:53 (431 turns).

ololoev the Magician (Deep Elf Earth Elementalist)   Turns: 431, Time: 00:02:54

Health: 5/19       AC:  3    Str:  5    XL:     3   Next: 32%
Magic:  4/11       EV:  7    Int: 20    God:
Gold:   96         SH:  0    Dex: 15    Spells: 2 memorised, 8 levels left

rFire  . . .     SeeInvis .     b - 40 stones
rCold  . . .     Gourm    .     a - +0 robe
rNeg   . . .     Faith    .     (no shield)
rPois  .         Spirit   .     n - +0 helmet
rElec  .         Dismiss  .     (no cloak)
rCorr  .         Reflect  .     (no gloves)
SustAt .         Harm     .     (no boots)
MR     +....                    (no amulet)
Stlth  ++........               (no ring)
                                l - ring of protection from magic

@: very slightly contaminated, held, somewhat resistant to hostile enchantments,
unstealthy
A: no striking features
a: no special abilities

Inventory:

Missiles
 b - 40 stones (in hand)
Armour
 a - a +0 robe (worn)
 n - a +0 helmet (worn)
Jewellery
 l - a ring of protection from magic (left hand)
Scrolls
 g - a scroll of fear {unknown}
 i - a scroll of noise {unknown}
 o - a scroll of remove curse {unknown}
Potions
 e - a potion of haste {unknown}
 j - a potion of berserk rage {unknown}
 k - a potion of resistance {unknown}
Books
 c - a book of Geomancy

   Spells                             Type                      Level
   a - Sandblast                      Earth                        1
   b - Passwall                       Transmutation/Earth          2
   c - Stone Arrow                    Conjuration/Earth            3
   d - Petrify                        Transmutation/Earth          4
   e - Lee's Rapid Deconstruction     Earth                        5
Comestibles
 d - a bread ration
 f - 3 fruits
 h - a beef jerky
 m - a meat ration


   Skills:
 - Level 2.4 Dodging
 - Level 2.4 Stealth
 * Level 4.7 Spellcasting
 - Level 1.1 Transmutations
 + Level 3.7 Earth Magic


You had 8 spell levels left.
You knew the following spells:

 Your Spells              Type           Power        Failure   Level  Hunger
a - Sandblast             Erth           ###...       2%          1    None
w - Passwall              Trmt/Erth      ##........   10%         2    #......


You were on level 4 of the Dungeon.
You were not hungry.

You visited 1 branch of the dungeon, and saw 4 of its levels.

You collected 96 gold pieces.

## ...
....
####....r
#rrs.>..g
#@gg....g
#.g.....≈
..w......
##.(......
#........
#......$.
#........
#########

Notes
Turn   | Place    | Note
--------------------------------------------------------------
     0 | D:1      | ololoev the Deep Elf Earth Elementalist began the quest for the Orb.
     0 | D:1      | Reached XP level 1. HP: 10/10 MP: 6/6
   111 | D:1      | Reached XP level 2. HP: 15/15 MP: 3/8
   122 | D:1      | Learned a level 2 spell: Passwall
   182 | D:2      | Reached skill level 4 in Spellcasting
   389 | D:3      | Reached XP level 3. HP: 19/19 MP: 8/11
   431 | D:4      | Quit the game

Dungeon Overview and Level Annotations

Branches:
Dungeon (4/15)
 Temple: D:4-7

Altars:


Message History

The gnoll shouts!
Found 23 bolts and 12 gold pieces.
Found a stone staircase leading down.
There is a stone staircase leading up here.
Casting: Sandblast
Confirm with . or Enter, or press ? or * to list all spells.
Aiming: Sandblast
Press: ? - help, Shift-Dir - straight line, f - gnoll
Aim: a gnoll, wielding a whip (hasn't noticed you)
The rocky blast hits the gnoll.
The gnoll is heavily wounded.
The gnoll shouts!
The gnoll shaman shouts!
The gnoll shouts!
The gnoll shaman calls upon its god to heal the gnoll.
The gnoll is healed somewhat.
The gnoll throws a throwing net.
The throwing net hits you.
You become entangled in the net!
A rat comes into view.
Casting: Sandblast
Confirm with . or Enter, or press ? or * to list all spells.
Aiming: Sandblast
Press: ? - help, Shift-Dir - straight line, f/p - gnoll
Aim: a gnoll, wielding a whip (lightly wounded)
The rocky blast hits the gnoll.
You kill the gnoll!
Casting: Sandblast
Confirm with . or Enter, or press ? or * to list all spells.
Aiming: Sandblast
Press: ? - help, Shift-Dir - straight line, f - gnoll shaman
Aim: a gnoll shaman, wielding a club and wearing a leather armour The rocky blast hits the gnoll shaman.
The gnoll shaman is heavily wounded.
A giant cockroach comes into view.
Casting: Sandblast
Confirm with . or Enter, or press ? or * to list all spells.
Aiming: Sandblast
Press: ? - help, Shift-Dir - straight line, f/p - gnoll shaman
Aim: a gnoll shaman, wielding a club and wearing a leather armour (heavily wounded)
You miscast Sandblast.
You are very lightly contaminated with residual magic.
Nothing appears to happen.
Casting: Sandblast
Confirm with . or Enter, or press ? or * to list all spells.
Aiming: Sandblast
Press: ? - help, Shift-Dir - straight line, f/p - gnoll shaman
Aim: a gnoll shaman, wielding a club and wearing a leather armour (heavily wounded)
The rocky blast hits the gnoll shaman.
The gnoll shaman is heavily wounded.
Casting: Sandblast
Confirm with . or Enter, or press ? or * to list all spells.
Aiming: Sandblast
Press: ? - help, Shift-Dir - straight line, f/p - gnoll shaman
Aim: a gnoll shaman, wielding a club and wearing a leather armour (heavily wounded)
The rocky blast hits the gnoll shaman.
The gnoll shaman is heavily wounded.
The gnoll barely misses you.
The gnoll shaman hits you but does no damage.
Casting: Sandblast
Confirm with . or Enter, or press ? or * to list all spells.
Aiming: Sandblast
Press: ? - help, Shift-Dir - straight line, f/p - gnoll shaman
Aim: a gnoll shaman, wielding a club and wearing a leather armour (heavily wounded)
The rocky blast hits the gnoll shaman.
The gnoll shaman is heavily wounded.
The gnoll hits you!
The gnoll hits you from afar with a spear!
A rat, a gnoll and a gnoll shaman come into view.
Unknown command.
Casting: Sandblast
Confirm with . or Enter, or press ? or * to list all spells.
Aiming: Sandblast
Press: ? - help, Shift-Dir - straight line, f/p - gnoll shaman
Aim: a gnoll shaman, wielding a club and wearing a leather armour (heavily wounded)
The rocky blast hits the gnoll shaman.
The gnoll shaman is severely wounded.
The gnoll shaman shouts!
The gnoll shouts!
The gnoll shaman hits you but does no damage.
The rat barely misses you. The rat bites you but does no damage.
The gnoll barely misses you. The gnoll closely misses you.
Unknown command.
Drink which item? (? for menu, Esc to quit)
Okay, then.
Are you sure you want to abandon this character and quit the game? (Confirm with "yes".)

You could see 2 gnoll shamans, a worm, 3 gnolls, a giant cockroach and 3 rats.

Vanquished Creatures
  A gnoll (D:4)
  An ooze (D:2)
  A worm (D:3)
  2 dart slugs
  A giant gecko (D:2)
  3 giant cockroaches
  A hobgoblin (D:1)
  3 kobolds
  4 bats
  4 rats (D:1)
21 creatures vanquished.

Action                   || total
-------------------------++-------
 Cast: Sandblast         ||    33
Armor: Robe              ||     3
Dodge: Dodged            ||     9

Vault maps used:
D:1:      saegor_arrival_simple_c, serial_glass, glass_columns_b,
          glass_columns_b
D:3:      st_stairs_14, kennysheep_generic_room_12
D:4:      serial_shops, shop, portal_sewer_entry_a, lemuel_statue_altar,
          uniq_grinder, uniq_menkaure, uniq_blork_the_orc
